 Dungeon Crawl Stone Soup version 0.30-a0-1163-gf69bf04e7a (webtiles) character file.

Game seed: 7926270630259986507

174010 cforsyth the Convoker (level 16, -9/143 HPs)
             Began as a Demigod Summoner on Apr 28, 2023.
             Killed from afar by a salamander tyrant (29 damage)
             ... on level 4 of the Snake Pit on Apr 29, 2023.
             The game lasted 01:52:25 (49589 turns).

cforsyth the Convoker (Demigod Summoner)           Turns: 49589, Time: 01:52:26

Health: -9/143     AC: 12    Str: 23    XL:     16   Next: 89%
Magic:  30/38      EV: 16    Int: 37    God:
Gold:   1608       SH: 11    Dex: 14    Spells: 13/40 levels left

rFire   + . .        e - staff of conjuration "Dint" {rElec Will+ Str+6 Int-3}
rCold   . . .        Z - +0 kite shield
rNeg    . . .        C - +0 ring mail of Ymuitot {rPois rF+}
rPois   +            k - +2 helmet "Ruvay" {Rampage}
rElec   +            A - +0 cloak {Will+}
rCorr   +            N - +0 pair of gloves
SInv    .            O - +0 pair of boots
Will    +++..        (no amulet)
Stlth   +            u - +6 ring of intelligence
HPRegen 0.43/turn    s - ring "Lejorib" {Wiz rCorr Int+5}
MPRegen 0.26/turn

%: rampage, wizardry (x1)
@: weakened, very slightly contaminated
A: high MP 1, forlorn, divine attributes
a: no special abilities


You were on level 4 of the Snake Pit.
You visited 4 branches of the dungeon, and saw 26 of its levels.

You collected 3885 gold pieces.
You spent 2277 gold pieces at shops.

Inventory:

Armour
 k - the +2 helmet "Ruvay" (worn) {Rampage}
   (You found it on level 2 of the Dungeon)

   Rampage:   It bestows one free step when moving towards enemies.
 A - a +0 cloak of willpower (worn)
 C - the +0 ring mail of Ymuitot (worn) {rPois rF+}
   (You bought it in a shop on level 1 of the Dungeon)

   rF:        It protects you from fire.
   rPois:     It protects you from poison.
 N - a +0 pair of gloves (worn)
 O - a +0 pair of boots (worn)
 Z - a +0 kite shield (worn)
Magical Staves
 e - the staff of conjuration "Dint" (weapon) {rElec Will+ Str+6 Int-3}
   (You acquired it on level 1 of the Orcish Mines)

   [staff of conjuration]

   Base accuracy: +5 Base damage: 5 Base attack delay: 1.2 This weapon's minimum
   attack delay (0.6) is reached at skill level 12.
   Str:       It affects your strength (+6).
   Int:       It affects your intelligence (-3).
   rElec:     It insulates you from electricity.
   Will:      It increases your willpower.
   It falls into the 'Staves' category.
   It is a one-handed weapon.
Jewellery
 s - the ring "Lejorib" (right hand) {Wiz rCorr Int+5}
   (You bought it in a shop on level 2 of the Orcish Mines)

   [ring of wizardry]

   It improves your spell success rate.
   Int:       It affects your intelligence (+5).
   rCorr:     It protects you from acid and corrosion.
 u - a +6 ring of intelligence (left hand)
 F - a +4 ring of protection
 H - a ring of willpower
 K - a ring of positive energy
 Q - a ring of wizardry
 U - a +4 ring of protection
 V - a ring of flight
Wands
 p - a wand of roots (8)
 y - a wand of flame (37)
 z - a wand of quicksilver (13)
 G - a wand of polymorph (19)
 L - a wand of charming (2)
 W - a wand of digging (6)
 Y - a wand of mindburst (9)
Scrolls
 a - 2 scrolls of immolation
 c - 6 scrolls of enchant armour
 g - 2 scrolls of silence
 i - 15 scrolls of teleportation
 j - 7 scrolls of enchant weapon
 l - 4 scrolls of magic mapping
 o - 7 scrolls of poison
 q - 4 scrolls of fog
 r - 9 scrolls of blinking
 B - 2 scrolls of noise
 J - 2 scrolls of vulnerability
 R - a scroll of fear
 S - a scroll of amnesia
 T - a scroll of torment
 X - 3 scrolls of identify
Potions
 b - 2 potions of magic
 d - a potion of lignification
 f - 7 potions of mutation
 h - 4 potions of ambrosia
 m - 3 potions of attraction
 n - 2 potions of haste
 t - 8 potions of might
 v - 19 potions of curing
 w - 2 potions of cancellation
 x - 3 potions of flight
 D - 6 potions of berserk rage
 E - 2 potions of invisibility
 I - a potion of resistance
 M - 4 potions of brilliance
 P - 3 potions of heal wounds


   Skills:
 - Level 13.0 Fighting
 - Level 4.0 Armour
 - Level 13.1 Dodging
 - Level 1.7 Stealth
 - Level 10.0 Shields
 + Level 12.7 Spellcasting
 + Level 16.7 Summonings
 + Level 2.2 Translocations


You had 13 spell levels left.
You knew the following spells:

 Your Spells              Type           Power      Damage    Failure   Level
a - Summon Small Mammal   Summ           100%       N/A       0%          1
b - Call Imp              Summ           100%       N/A       0%          2
c - Call Canine Familiar  Summ           98%        N/A       0%          3
d - Summon Guardian Gole  Hex/Summ       71%        N/A       1%          3
e - Summon Lightning Spi  Summ/Air       71%        N/A       1%          4
g - Summon Cactus Giant   Summ           49%        N/A       1%          6
i - Summon Horrible Thin  Summ           49%        N/A       12%         8

Your spell library contained the following spells:

 Spells                   Type           Power      Damage    Failure   Level
 Apportation              Tloc           78%        N/A       1%          1
 Beastly Appendage        Tmut           46%        N/A       1%          1
 Magic Dart               Conj           100%       1d8       1%          1
 Necrotise                Necr           92%        1d8       1%          1
 Slow                     Hex            92%        N/A       1%          1
 Lesser Beckoning         Tloc           78%        N/A       1%          2
 Cigotuvi's Dreadful Rot  Necr/Pois/Air  46%        N/A       2%          2
 Scorch                   Fire           46%        2d6       2%          2
 Wereblood                Tmut           23%        N/A       2%          2
 Gell's Gravitas          Tloc           39%        N/A       2%          3
 Teleport Other           Tloc           39%        N/A       2%          3
 Vhi's Electric Charge    Tloc/Air       62%        N/A       3%          3
 Confusing Touch          Hex            23%        N/A       5%          3
 Mephitic Cloud           Conj/Pois/Air  35%        N/A       5%          3
 Spider Form              Tmut/Pois      23%        N/A       5%          3
 Vampiric Draining        Necr           23%        2d7       5%          3
 Airstrike                Air            11%        2d(2-18)  17%         4
 Cause Fear               Hex            11%        N/A       17%         4
 Flame Wave               Conj/Fire      35%        2d10      17%         4
 Malign Gateway           Summ/Tloc      38%        N/A       30%         7
 Agony                    Necr           23%        N/A       43%         5
 Alistair's Intoxication  Tmut/Pois      15%        N/A       43%         5
 Arcjolt                  Conj/Air       17%        1d27      43%         5
 Borgnjor's Vile Clutch   Necr/Erth      11%        N/A       43%         5
 Iskenderun's Battlesphe  Conj           35%        2d9       43%         5
 Spellforged Servitor     Conj/Summ      45%        N/A       43%         7
 Dragon's Call            Summ           49%        N/A       86%         9
 Eringya's Noxious Bog    Tmut/Pois      11%        N/A       92%         6
 Iron Shot                Conj/Erth      17%        9d4       92%         6
 Dragon Form              Tmut           11%        N/A       100%        7
 Maxwell's Capacitive Co  Air            11%        ∞         100%        8
 Chain Lightning          Conj/Air       17%        3d23      100%        9
 Fire Storm               Conj/Fire      17%        8d5       100%        9
 Shatter                  Erth           11%        3d12*     100%        9


Dungeon Overview and Level Annotations

Branches:
Dungeon (15/15)            Temple (0/1) D:5            Lair (5/5) D:10
  Swamp (0/4) Lair:2        Snake (4/4) Lair:2        Slime (0/5) Lair:5
    Orc (2/2) D:12            Elf (0/3) Orc:2        Vaults (0/5) D:13
 Depths (0/4) D:15

Shops:
D:1 [   Orc:2 [(=[*   Snake:1 ::=


Innate Abilities, Weirdness & Mutations

You have an increased reservoir of magic. (+10% MP)
You shall have no god before yourself.
Your divine heritage dramatically boosts your attributes as you level up.


Message History

You swap places.
You swap places.
A salamander tyrant comes into view.
You see here a +0 trident.
A salamander tyrant is nearby!
A salamander tyrant is nearby!
You swap places.
Your cactus giant disappears in a puff of smoke!
The salamander tyrant gazes fiercely through you!
You feel your attacks grow feeble.
The salamander tyrant rends the earth beneath you!
The blast of magma engulfs you!! You partially resist.
Casting: Summon Cactus Giant (mildly dangerous; 1% risk of failure)
Confirm with . or Enter, or press ? or * to list all spells.
The salamander tyrant gazes fiercely through you!
You feel as though you will be weak longer.
Your warg barely misses the salamander tyrant.
The salamander tyrant calls gouts of flame from the lava!
The flame surge hits you! You resist.
Your warg bites the salamander tyrant.
The salamander tyrant calls gouts of flame from the lava!
The flame surge hits you!! You resist.
Your warg bites the salamander tyrant!
Casting: Summon Cactus Giant (mildly dangerous; 1% risk of failure)
Confirm with . or Enter, or press ? or * to list all spells.
You miscast Summon Lightning Spire.
You are very lightly contaminated with residual magic.
Nothing appears to happen.
The salamander tyrant rends the earth beneath you!
The blast of magma engulfs you!! You partially resist.
* * * LOW HITPOINT WARNING * * *
Your warg bites the salamander tyrant!
Your warg barely misses the salamander tyrant.
The salamander tyrant calls gouts of flame from the lava!
The flame surge hits you!! You resist.
* * * LOW HITPOINT WARNING * * *
The flame surge hits your cactus giant!
Your cactus giant hits the salamander tyrant with a +0 giant spiked club.
The salamander tyrant rends the earth beneath you!
The blast of magma engulfs you!! You partially resist.
You die...

#.#.#.h###.).# ..#
#...###...)).## .#
#.............#
#......###....#
####......# #....##.
#####...)N≈≈..# ##......
.....)C≈.h....## #......
....##.....≈...###....###
..# ##...###....@...### #
#.#### ##.#####.# ### ###


You could see a salamander tyrant (ally target) and a friendly warg (summoned).

Vanquished Creatures
  A troll (Orc:1)
  2 wolves (Lair:1)
  A dart slug (D:4)
  An orc (Orc:1)
  A goblin (D:3)
  2 quokkas
  2 frilled lizards
  A kobold (D:1)
11 creatures vanquished.

Vanquished Creatures (collateral kills)
  Rupert (Orc:2)
  A nagaraja (Snake:3)
  Louise (Snake:1)
  Azrael (Snake:2)
  3 ettins (Orc:2)
  4 hydras
  An ogre mage (D:8)
  A salamander tyrant (Snake:3)
  3 vault guards (D:13)
  2 rakshasas (D:8)
  Erica (Orc:1)
  5 two-headed ogres
  A centaur warrior (D:12)
  7 anacondas
  8 naga warriors
  3 boulder beetles
  2 tengu warriors
  2 shock serpents (Snake:3)
  3 naga sharpshooters
  2 skysharks
  5 salamander mystics
  2 skeletal warriors (D:13)
  5 naga ritualists
  A sea snake (Snake:3)
  A wizard (D:14)
  2 lindwurms (Lair:4)
  An ugly thing (D:12)
  2 orc knights (Orc:2)
  7 mana vipers
  2 deep elf pyromancers
  11 cyclopes
  19 salamanders
  A manticore (D:12)
  A wolf spider (Lair:5)
  An oklob plant (Lair:3)
  12 elephants
  Joseph (D:7)
  3 guardian serpents
  9 naga magi
  Maurice (D:12)
  27 black mambas
  An eye of devastation (Lair:5)
  16 cane toads
  5 komodo dragons
  An unseen horror (D:11)
  A rime drake (Lair:3)
  A tengu conjurer (D:14)
  3 kobold demonologists (D:13)
  3 hornets
  A polar bear (Lair:1)
  5 trolls
  4 meliai
  3 nameless horrors
  A tyrant leech (Lair:2)
  18 blink frogs
  A raiju (shapeshifter) (D:14)
  9 dream sheep (Lair:5)
  Prince Ribbit (D:5)
  11 slime creatures
  7 spriggans (Lair:4)
  A shadow (D:10)
  2 vampires
  13 wyverns
  2 wraiths
  A basilisk (Lair:2)
  25 yaks
  3 fire elementals
  2 steam dragons
  3 redbacks (Lair:5)
  4 vampire mosquitoes (D:12)
  2 swamp worms (Lair:2)
  Menkaure (D:7)
  A warg (Orc:2)
  2 acid dragons
  25 nagas
  6 hell hounds (Snake:2)
  A floating eye (Lair:5)
  24 water moccasins
  A swamp drake (Lair:3)
  3 black bears
  An ice beast (D:5)
  A sky beast (D:6)
  13 orc warriors
  A black bear (shapeshifter) (D:12)
  7 ogres
  6 wolves
  10 centaurs
  4 phantoms
  A kobold brigand (D:9)
  13 bullfrogs
  5 scorpions
  12 wights
  25 killer bees
  5 electric eels
  6 howler monkeys
  A wyvern simulacrum (D:6)
  13 orc priests
  A sleepcap (D:5)
  Jessica (D:3)
  Natasha (thrice) (D:3)
  26 orc wizards
  9 hell rats
  A howler monkey zombie (D:6)
  Robin (D:4)
  7 gnolls
  6 adders
  A shadow imp (D:5)
  2 white imps (D:7)
  An ufetubus (D:7)
  3 worms
  A dart slug (D:2)
  92 orcs
  6 ball pythons
  An endoplasm (D:3)
  3 giant cockroaches
  10 goblins
  8 hobgoblins
  18 kobolds
  5 quokkas
  4 bats
  A frilled lizard (D:2)
  A rat (D:1)
716 creatures vanquished.

Vanquished Creatures (others)
  Mlioglotl (Snake:1)
  A stone giant (Orc:2)
  5 vault guards (D:13)
  2 hydras
  2 ogre magi (D:15)
  7 centaur warriors
  A boulder beetle (shapeshifter) (D:15)
  7 two-headed ogres (D:15)
  A tengu warrior (D:13)
  A death knight (D:13)
  2 boulder beetles
  2 naga warriors
  Urug (Lair:2)
  2 shock serpents
  3 naga sharpshooters
  3 skeletal warriors (D:14)
  A deep troll (shapeshifter) (D:14)
  15 slime creatures
  A naga ritualist (Snake:1)
  A phantasmal warrior (D:12)
  The ghost of sirJeffrey23 the Carver, a novice BaGl (D:6)
  A mana viper (Snake:1)
  8 ugly things
  4 cyclopes
  7 elephants (Lair:5)
  5 manticores
  A guardian serpent (Lair:5)
  11 black mambas
  A naga mage (Snake:3)
  5 cane toads
  An unseen horror (shapeshifter) (D:13)
  A spectral unseen horror (D:6)
  5 komodo dragons
  A kobold demonologist (D:13)
  A freezing wraith (D:13)
  4 trolls
  A merfolk (shapeshifter) (D:12)
  3 meliai
  A hornet (Lair:5)
  4 dream sheep (Lair:5)
  2 wyverns
  2 spriggans (Lair:4)
  A shadow (D:11)
  21 yaks
  3 nagas
  4 water moccasins
  9 orc warriors
  2 wolves
  5 centaurs
  A kobold brigand (D:13)
  A bullfrog (Lair:4)
  5 wights
  15 killer bees
  A howler monkey (D:4)
  A centaur zombie (D:6)
  An orc priest (D:4)
  An iguana (D:5)
  6 orc wizards
  A nameless horror (D:14)
  5 orcs
  A kobold (D:13)
  2 bushes (Lair:5)
  104 fungi
  184 plants
  4 starspawn tentacles (Snake:1)
507 creatures vanquished.

Grand Total: 1234 creatures vanquished

Notes
Turn   | Place    | Note
-------+----------+-------------------------------------------
     0 | D:1      | cforsyth the Demigod Summoner began the quest for the Orb.
     0 | D:1      | Reached XP level 1. HP: 14/14 MP: 5/5
   232 | D:1      | Found Wissed's Antique Armour Boutique.
   390 | D:1      | Reached XP level 2. HP: 17/20 MP: 4/7
   393 | D:1      | Learned a level 2 spell: Call Imp
  1007 | D:2      | Reached skill level 4 in Summonings
  1273 | D:2      | Reached XP level 3. HP: 26/26 MP: 5/9
  1277 | D:2      | Learned a level 3 spell: Call Canine Familiar
  1875 | D:2      | Identified the +2 helmet "Ruvay" {Rampage}
  2497 | D:3      | Noticed Natasha
  2512 | D:3      | Killed Natasha
  2608 | D:3      | Noticed Natasha
  2614 | D:3      | Killed Natasha
  2615 | D:3      | Reached XP level 4. HP: 31/33 MP: 3/11
  2850 | D:3      | Learned a level 3 spell: Summon Guardian Golem
  2941 | D:3      | Noticed Jessica
  2956 | D:3      | Killed Jessica
  3573 | D:3      | Noticed Natasha
  3586 | D:3      | Killed Natasha
  3587 | D:3      | Reached skill level 5 in Summonings
  3587 | D:3      | Reached XP level 5. HP: 31/38 MP: 6/13
  4391 | D:4      | Identified the +0 helmet of Moxzon {Will- Dex+5}
  4391 | D:4      | Noticed Robin
  4403 | D:4      | Killed Robin
  4544 | D:4      | Reached XP level 6. HP: 15/45 MP: 6/15
  5477 | D:5      | Entered Level 5 of the Dungeon
  5580 | D:5      | Reached skill level 6 in Summonings
  5585 | D:5      | Learned a level 4 spell: Summon Lightning Spire
  5725 | D:5      | Reached XP level 7. HP: 48/50 MP: 14/17
  5762 | D:5      | Reached skill level 5 in Spellcasting
  5912 | D:5      | Identified the +2 robe of Hysteria {Rampage rCorr Dex-3
                  | SInv}
  5961 | D:5      | Reached skill level 7 in Summonings
  6143 | D:5      | Found a staircase to the Ecumenical Temple.
  6167 | D:5      | Noticed a nameless horror
  6188 | D:5      | Killed a nameless horror
  6349 | D:5      | Noticed Prince Ribbit
  6363 | D:5      | Killed Prince Ribbit
  6364 | D:5      | Reached XP level 8. HP: 57/57 MP: 8/20
  7109 | D:6      | Reached skill level 8 in Summonings
  7503 | D:6      | Found a runed translucent gate.
  7503 | D:6      | Found a runed translucent gate.
  7504 | D:6      | Found a runed translucent gate.
  7506 | D:6      | Noticed sirJeffrey23's ghost (novice BaGl)
  7523 | D:6      | Noticed a spectral unseen horror
  8043 | D:7      | Noticed Joseph
  8069 | D:7      | Killed Joseph
  8070 | D:7      | Reached skill level 9 in Summonings
  8070 | D:7      | Reached XP level 9. HP: 31/62 MP: 3/24
  8396 | D:7      | Noticed Menkaure
  8400 | D:7      | Killed Menkaure
  9450 | D:8      | Noticed a centaur warrior
  9450 | D:8      | Noticed a manticore
  9450 | D:8      | Noticed a rakshasa
  9451 | D:8      | Found a runed translucent door.
  9453 | D:8      | Noticed a cyclops
  9453 | D:8      | Noticed a rakshasa
  9453 | D:8      | Identified the +0 robe "Suegh" {rC+}
  9453 | D:8      | Noticed a centaur warrior
  9453 | D:8      | Noticed an ogre mage
  9453 | D:8      | Found the +8 storm bow {elec, penet}
 10127 | D:9      | Reached skill level 10 in Summonings
 10501 | D:1      | Bought a bloodstained ring mail for 189 gold pieces
 10501 | D:1      | Identified the +0 ring mail of Ymuitot {rPois rF+} (You
                  | bought it in a shop on level 1 of the Dungeon)
 11031 | D:9      | Reached XP level 10. HP: 49/69 MP: 13/27
 11734 | D:10     | Entered Level 10 of the Dungeon
 12018 | D:10     | Noticed a two-headed ogre
 12028 | D:10     | Killed a two-headed ogre
 12029 | D:10     | Reached skill level 11 in Summonings
 12031 | D:10     | Reached skill level 10 in Spellcasting
 12101 | D:10     | Found a staircase to the Lair.
 12869 | D:11     | Noticed a boulder beetle
 12905 | D:11     | Killed a boulder beetle
 12906 | D:11     | Reached skill level 12 in Summonings
 12906 | D:11     | Reached XP level 11. HP: 74/74 MP: 20/30
 13043 | D:11     | Reached skill level 1 in Fighting
 13698 | D:12     | Noticed a boulder beetle
 13728 | D:12     | Killed a boulder beetle
 14003 | D:12     | You fall into a shaft and drop 3 floors!
 14003 | D:15     | Entered Level 15 of the Dungeon
 14004 | D:15     | Identified a scroll of acquirement
 14267 | D:15     | Noticed a boulder beetle
 14341 | D:15     | Noticed a deep elf pyromancer
 14370 | D:14     | Reached skill level 5 in Dodging
 14411 | D:14     | Reached skill level 5 in Fighting
 14414 | D:14     | Noticed a tengu warrior
 14426 | D:14     | Killed a tengu warrior
 14832 | D:14     | Noticed a wizard
 14846 | D:14     | Killed a wizard
 14867 | D:14     | Noticed a deep elf pyromancer
 14875 | D:14     | Killed a deep elf pyromancer
 15126 | D:13     | Noticed a centaur warrior
 15138 | D:13     | Killed a centaur warrior
 15148 | D:13     | Noticed a vault guard
 15150 | D:13     | Noticed a vault guard
 15151 | D:13     | Noticed a vault guard
 15278 | D:14     | Noticed a deep troll
 15286 | D:14     | Killed a deep troll
 15287 | D:14     | Reached XP level 12. HP: 97/97 MP: 12/31
 15922 | D:13     | Noticed a centaur warrior
 15925 | D:13     | Noticed a centaur warrior
 15926 | D:13     | Noticed a death knight
 15930 | D:13     | Noticed a vault guard
 15945 | D:13     | Killed a vault guard
 15962 | D:13     | Killed a vault guard
 15977 | D:13     | Killed a vault guard
 16036 | D:13     | Noticed a vault guard
 16173 | D:13     | Killed a vault guard
 17401 | D:13     | Noticed a four-headed hydra
 17411 | D:13     | Killed a four-headed hydra
 17443 | D:13     | Killed a centaur warrior
 17444 | D:13     | Noticed a vault guard
 17454 | D:13     | Killed a vault guard
 17586 | D:13     | Noticed a death knight
 18181 | D:13     | Killed a death knight
 18220 | D:13     | Noticed a vault guard
 18227 | D:13     | Killed a vault guard
 18228 | D:13     | Reached XP level 13. HP: 112/112 MP: 21/32
 18257 | D:13     | Reached skill level 10 in Dodging
 18787 | D:12     | Reached skill level 10 in Fighting
 19809 | D:13     | Found a gate to the Vaults.
 21483 | D:12     | Found a staircase to the Orcish Mines.
 21739 | D:6      | Killed sirJeffrey23's ghost
 22642 | Lair:1   | Entered Level 1 of the Lair of Beasts
 25775 | Lair:2   | Reached XP level 14. HP: 126/126 MP: 20/33
 25919 | Lair:2   | Noticed Urug
 25927 | Lair:2   | Killed Urug
 26391 | Lair:2   | Found a staircase to the Snake Pit.
 26787 | Lair:2   | Found a staircase to the Swamp.
 29560 | Lair:4   | Reached skill level 1 in Shields
 31126 | Lair:4   | Reached skill level 5 in Shields
 31335 | Lair:5   | Entered Level 5 of the Lair of Beasts
 31659 | Lair:5   | Found a staircase to the Slime Pits.
 31661 | Lair:5   | Paralysed by a floating eye for 3 turns
 31668 | Lair:5   | Paralysed by a floating eye for 3 turns
 33092 | Lair:5   | Reached skill level 13 in Summonings
 33092 | Lair:5   | Reached XP level 15. HP: 106/135 MP: 11/34
 35527 | Orc:1    | Entered Level 1 of the Orcish Mines
 35527 | Orc:1    | Noticed Erica
 35531 | Orc:1    | Noticed Maurice
 35877 | D:12     | Killed Maurice
 36230 | Orc:1    | Killed Erica
 36628 | Orc:2    | Entered Level 2 of the Orcish Mines
 36638 | Orc:2    | Noticed Rupert
 36650 | Orc:2    | Killed Rupert
 37344 | Orc:2    | Found a staircase to the Elven Halls.
 37392 | Orc:2    | Found Jykle's Jewellery Shoppe.
 37448 | Orc:2    | Reached skill level 14 in Summonings
 37673 | Orc:2    | Found Lomink's General Store.
 37730 | Orc:2    | Found Esucaemur's Antique Armour Emporium.
 37746 | Orc:2    | Bought a spiked ring mail for 207 gold pieces
 37746 | Orc:2    | Identified the +1 ring mail of Panentheism {Str+2} (You
                  | bought it in a shop on level 2 of the Orcish Mines)
 37889 | Orc:2    | Found Plog's Armour Emporium.
 37983 | Orc:2    | Found Yjickuah's Antique Weapon Shop.
 37991 | Orc:2    | Bought an ichor-stained dagger for 189 gold pieces
 37991 | Orc:2    | Identified the +10 dagger "Sarcophage" {flame, Dex+3} (You
                  | bought it in a shop on level 2 of the Orcish Mines)
 38656 | Orc:1    | Acquired 1143 gold pieces
 38657 | Orc:1    | Acquired the staff of conjuration "Dint" {rElec Will+ Str+6
                  | Int-3}
 40675 | D:15     | Reached skill level 10 in Shields
 40724 | D:15     | Reached skill level 15 in Summonings
 40919 | D:15     | Found a staircase to the Depths.
 41440 | Snake:1  | Entered Level 1 of the Snake Pit
 41510 | Snake:1  | Reached skill level 1 in Armour
 41792 | Snake:1  | Found Togidir's Book Boutique.
 41793 | Snake:1  | Found Goameabb's Jewellery Shoppe.
 41795 | Snake:1  | Found Hiess's Book Boutique.
 41805 | Snake:1  | Bought a book of Scorching for 420 gold pieces
 41822 | Snake:1  | Learned a level 6 spell: Summon Cactus Giant
 41852 | Snake:1  | Noticed Mlioglotl
 41878 | Snake:1  | Noticed a tentacled starspawn
 41879 | Snake:1  | Noticed Louise
 42353 | Snake:1  | Killed Mlioglotl
 42441 | Snake:1  | Reached XP level 16. HP: 127/143 MP: 20/36
 42904 | Snake:1  | Killed Louise
 43351 | Snake:1  | Got Sif Muna's Collected Works on the Elliptic Cumulonimbus
 45044 | Snake:2  | Noticed Azrael
 45055 | Snake:2  | Killed Azrael
 46469 | Snake:3  | Reached skill level 16 in Summonings
 48352 | Snake:4  | Entered Level 4 of the Snake Pit
 48723 | Orc:2    | Bought the ring "Lejorib" {Wiz rCorr Int+5} for 796 gold
                  | pieces
 48919 | Snake:1  | Bought a Grand Grimoire for 476 gold pieces
 48928 | Snake:1  | Learned a level 8 spell: Summon Horrible Things
 49114 | Snake:4  | Reached skill level 1 in Translocations
 49589 | Snake:4  | Killed from afar by a salamander tyrant

Illustrated notes

Levels and vault maps discovered:
D:1:      zaba_arrival_water, layout_basic, serial_shops, shop
D:2:      layout_loops_corners
D:3:      layout_loops_ring, uniq_jessica, uniq_natasha
D:4:      layout_basic, mainiacjoe_overflow_24_doors, lemuel_tele_altar,
          hangedman_decor_riveting, uniq_robin
D:5:      layout_cave_pools, minmay_temple_entry_overgrown, uniq_prince_ribbit1
D:6:      layout_basic, gammafunk_ghost_necromancy,
          chequers_serial_rivers_micro_b, minmay_misc_feat_doors
D:7:      layout_layer_cave, uniq_menkaure, uniq_joseph
D:8:      minmay_gate_of_8, layout_basic, kennysheep_crisscross, chequers_jeans
D:9:      layout_irregular_city
D:10:     layout_gridville, david_lair_generic
D:11:     layout_roguey
D:12:     wad_arrow_thing, layout_loops_ring, david_orc_5
D:13:     layout_loops_ring, erik_vaults_2
D:14:     layout_basic, good_gods_mini_temple
D:15:     hangedman_depths_entry_try_elsewhere_first, layout_cave_pods
Lair:1:   layout_regular_city, beast_lair_carwin_10, grunt_megastairs_4
Lair:2:   layout_regular_city, minmay_swamp_entry_worms,
          minmay_snake_entry_spellcaster, minivault_24, beast_lair_carwin_6,
          uniq_urug
Lair:3:   layout_gridlike, serial_bayou, serial_bayou_ford_a,
          serial_bayou_pond_d, serial_bayou_lake_a, serial_bayou_lagoon_a,
          serial_bayou_pond_c, hibernation_bobbens
Lair:4:   wad_woods_minihive, layout_regular_city
Lair:5:   hangedman_lair_tendril_chambers, layout_layer_cave,
          minmay_slime_entry_eyes
Snake:1:  layout_layer_cave, lemuel_fruit_tree, minmay_shop_grove, uniq_louise,
          uniq_mlioglotl
Snake:2:  layout_misc_corridors, uniq_azrael
Snake:3:  layout_cave_shapes, serial_bayou_shore_a, nicolae_integral_box
Snake:4:  johnstein_snake_rune_scales, layout_cave_town, minmay_shop_star,
          uniq_vashnia
Orc:1:    layout_caves, uniq_maurice, uniq_erica
Orc:2:    grunt_orc_gardens, layout_diamond_mine, grunt_orc_garden,
          grunt_orc_garden, grunt_orc_garden, grunt_orc_garden, serial_shops,
          shop_fountains, dreamdust_deal_with_the_devil, uniq_rupert

Skill      XL: |  1  2  3  4  5  6  7  8  9 10 11 12 13 14 15 16 |
---------------+-------------------------------------------------+-----
Spellcasting   | 2 3 4 6 7 9 10 11 12 | 12.7
Summonings     | 4 5 6 7 9 10 12 13 15 16 | 16.7
Dodging        | 7 9 12 13 | 13.1
Fighting       | 6 9 12 13 | 13.0
Shields        | 7 10 | 10.0
Armour         | 2 4 |  4.0
Translocations | 2 |  2.2
Stealth        | |  1.7

Action                     |  1- 3 |  4- 6 |  7- 9 | 10-12 | 13-15 | 16-18 || total
---------------------------+-------+-------+-------+-------+-------+-------++-------
  Melee: Unarmed           |    87 |    42 |    34 |    25 |    95 |       ||   283
         Punch             |       |     1 |     2 |       |     1 |       ||     4
         Staff             |       |       |       |       |    25 |    35 ||    60
         Dagger            |       |       |       |       |    12 |       ||    12
   Cast: Summon Small Mamm |    54 |    43 |    40 |    31 |   221 |    34 ||   423
         Call Imp          |    13 |    20 |    22 |    24 |   119 |    20 ||   218
         Call Canine Famil |     3 |    19 |    25 |    54 |   150 |    42 ||   293
         Summon Guardian G |       |     2 |    25 |    94 |   233 |    46 ||   400
         Summon Lightning  |       |       |    21 |    51 |   184 |    47 ||   303
         Summon Cactus Gia |       |       |       |       |     5 |    63 ||    68
         Summon Horrible T |       |       |       |       |       |     3 ||     3
  Evoke: Wand              |       |       |       |       |     1 |       ||     1
    Use: Scroll            |       |     6 |     3 |    12 |    13 |     2 ||    36
         Potion            |       |       |     2 |       |     3 |       ||     5
   Stab: Distracted        |     1 |     1 |     1 |       |     3 |     1 ||     7
         Sleeping          |       |       |     1 |       |       |       ||     1
         Betrayed ally     |       |       |       |     1 |       |       ||     1
 Armour: Robe              |    27 |    21 |    25 |       |       |       ||    73
         Ring mail         |       |       |     1 |    37 |   259 |    32 ||   329
  Dodge: Dodged            |    83 |    52 |    54 |    41 |   544 |    98 ||   872
  Block: Kite shield       |       |       |       |       |    75 |   111 ||   186

Table legend: (Time is in decaauts)
 A = Elapsed time spent in this place.
 B = Non-inter-level travel time spent in this place.
 C = Inter-level travel time spent in this place.
 D = Time resting spent in this place.
 E = Time spent auto-exploring this place.
 F = Levels seen in this place.
 G = Mean time per level.
                   A        B        C        D        E       F      G
               +--------+--------+--------+--------+--------+-----+--------+
         Total |  49714 |  46532 |   3182 |   9452 |  27424 |  26 | 1912.1 |
       Dungeon |  26804 |  24631 |   2173 |   5377 |  13942 |  15 | 1786.9 |
          Lair |  12943 |  12261 |    682 |   2693 |   7174 |   5 | 2588.6 |
     Snake Pit |   7746 |   7511 |    235 |   1151 |   4995 |   4 | 1936.5 |
  Orcish Mines |   2219 |   2129 |     90 |    231 |   1312 |   2 | 1109.5 |
               +--------+--------+--------+--------+--------+-----+--------+

Top non-repeatable levels by time:
    D:12: 4980 daAuts
  Lair:5: 3946 daAuts
 Snake:1: 3353 daAuts
  Lair:1: 2593 daAuts
 Snake:3: 2434 daAuts
    D:13: 2361 daAuts
  Lair:2: 2261 daAuts
    D:14: 2225 daAuts
    D:15: 2154 daAuts
  Lair:3: 2121 daAuts
  Lair:4: 2020 daAuts
     D:3: 1931 daAuts
     D:7: 1741 daAuts
   Orc:2: 1675 daAuts
     D:5: 1444 daAuts
